 Dungeon Crawl Stone Soup version 0.27-a0-1196-g3e9cee4cb2 (webtiles) character file.

Game seed: 4161946681841475124

699 bande the Shield-Bearer (level 7, -6/44 HPs)
             Began as a Gargoyle Fighter on May 30, 2021.
             Mangled by a two-headed ogre
             ... wielding a +0 giant club
              (12 damage)
             ... on level 4 of the Dungeon.
             The game lasted 00:07:03 (4191 turns).

bande the Shield-Bearer (Gargoyle Fighter)          Turns: 4191, Time: 00:07:04

Health: -6/44      AC: 18    Str: 21    XL:     7   Next: 65%
Magic:  7/7        EV:  4    Int:  8    God:
Gold:   130        SH: 10    Dex: 10    Spells: 6/6 levels left

rFire    . . .     SeeInvis .   a - +1 war axe
rCold    . . .     Faith    .   c - +0 kite shield
rNeg     + . .     Spirit   .   h - +0 plate armour
rPois    ∞         Reflect  .   (no helmet)
rElec    +         Harm     .   (no cloak)
rCorr    .         Rampage  .   g - +0 pair of gloves
Will     .....                  (no boots)
Stlth    ..........             (no amulet)
HPRegen  0.14/turn              (no ring)
MPRegen  0.10/turn              (no ring)

@: no status effects
A: sickness immunity, AC +4, negative energy resistance 1, electricity
resistance, torment resistance 1, petrification resistance
a: no special abilities


You were on level 4 of the Dungeon.
You visited 1 branch of the dungeon, and saw 5 of its levels.

You collected 130 gold pieces.

Inventory:

Hand Weapons
 a - a +1 war axe (weapon)
 i - a +0 flail
Armour
 c - a +0 kite shield (worn)
 g - a +0 pair of gloves (worn)
 h - a +0 plate armour (worn)
Wands
 o - a wand of acid (2)
Scrolls
 b - 2 scrolls of teleportation
Potions
 f - 2 potions of heal wounds {unknown}
 j - a potion of cancellation
 k - a potion of haste {unknown}
 l - a potion of degeneration {unknown}


   Skills:
 + Level 4.8 Fighting
 + Level 5.0 Axes
 + Level 5.0 Armour
 + Level 0.5 Dodging
 + Level 5.3 Shields


You had 6 spell levels left.
You didn't know any spells.
Your spell library was empty.

Dungeon Overview and Level Annotations

Branches:
Dungeon (5/15)
 Temple: D:4-7

Altars:
Fedhas


Innate Abilities, Weirdness & Mutations

You are immune to sickness and miasma.
Your stone body is resilient. (AC +4)
You are immune to poison.
You resist negative energy. (rN+)
You are resistant to electric shocks. (rElec)
You are resistant to unholy torment.
You are immune to petrification.


Message History

You feel forgetful for a moment.
As you read the scroll labelled VOLOSY UGHYPUMI, it crumbles to dust.
It is a scroll of enchant weapon.
Your +0 war axe glows red for a moment.
You start resting.
You feel your willpower return.
You start resting.
HP restored.
You open the door.
A quokka comes into view.
There is an open door here.
You slash the quokka!
You kill the quokka!
No target in view!
No target in view!
No target in view!
No target in view!
No target in view!
You open the door.
There is an open door here.
You open the door.
A two-headed ogre comes into view.
It is wielding a +0 giant club and a +0 dire flail.
The two-headed ogre shouts in stereo!
You hit the two-headed ogre.
The two-headed ogre is lightly wounded.
You block the two-headed ogre's attack.
The two-headed ogre hits you with a +0 dire flail!
You slash the two-headed ogre!
The two-headed ogre is lightly wounded.
The two-headed ogre hits you with a +0 giant club!
The two-headed ogre hits you with a +0 dire flail!
* * * LOW HITPOINT WARNING * * *
You barely miss the two-headed ogre.
The two-headed ogre is lightly wounded.
The two-headed ogre completely misses you.
The two-headed ogre hits you with a +0 dire flail!
* * * LOW HITPOINT WARNING * * *
You feel better. You block the two-headed ogre's attack.
The two-headed ogre hits you with a +0 dire flail!
You die...

#.# ...
#+## #.#
....#
#.###
..... #...
#
#.....#..#
##
#....#..#
.##
#...O@.#
..####+###
##..#..#
...#.....#
## #..#
...#.....#
#..#
...†.(.(.+
#.##
#.†#†....#
#.#
##.#.....#
#.########
#####'###
#........#
#.....##
+..#####.#


You could see a two-headed ogre.

Vanquished Creatures
  Sigmund (D:4)
  A sky beast (D:4)
  A black bear (D:4)
  A phantom (D:4)
  A scorpion (D:5)
  A vampire bat (D:5)
  2 hounds (D:4)
  A gnoll (D:1)
  2 adders
  An adder skeleton (D:4)
  A worm (D:2)
  3 dart slugs (D:1)
  3 orcs (D:3)
  6 ball pythons
  5 endoplasms
  2 giant cockroaches (D:1)
  4 goblins
  4 hobgoblins
  8 jackals (D:1)
  6 quokkas
  12 bats
  3 frilled lizards
  4 kobolds
73 creatures vanquished.

Notes
Turn   | Place    | Note
-------+----------+-------------------------------------------
     0 | D:1      | bande the Gargoyle Fighter began the quest for the Orb.
     0 | D:1      | Reached XP level 1. HP: 14/14 MP: 1/1
   110 | D:1      | Found a faded altar of an unknown god.
   122 | D:1      | Reached XP level 2. HP: 19/19 MP: 2/2
   483 | D:1      | Reached XP level 3. HP: 23/23 MP: 3/3
  1190 | D:2      | Found a blossoming altar of Fedhas.
  1282 | D:2      | Reached XP level 4. HP: 20/29 MP: 4/4
  2662 | D:3      | You fall into a shaft and drop 2 floors!
  2662 | D:5      | Entered Level 5 of the Dungeon
  2693 | D:5      | Reached XP level 5. HP: 23/33 MP: 5/5
  3124 | D:5      | Noticed an ogre
  3146 | D:4      | Noticed a sky beast
  3158 | D:4      | Reached XP level 6. HP: 29/38 MP: 6/6
  3171 | D:4      | Killed a sky beast
  3746 | D:4      | Reached XP level 7. HP: 42/44 MP: 7/7
  3808 | D:4      | Noticed Sigmund
  3828 | D:4      | Killed Sigmund
  3829 | D:4      | Reached skill level 5 in Shields
  4033 | D:4      | Reached skill level 5 in Axes
  4033 | D:4      | Reached skill level 5 in Armour
  4185 | D:4      | Noticed a two-headed ogre
  4190 | D:4      | HP: 1/44 [two-headed ogre/+0 giant club (12)]
  4191 | D:4      | Mangled by a two-headed ogre

Illustrated notes

Levels and vault maps discovered:
D:1:      saegor_arrival_simple_e, layout_loops_ring,
          hellmonk_ecumenical_altar_blasted
D:2:      layout_loops_corners, basic_altar
D:3:      layout_loops_cross
D:4:      layout_basic, minmay_quadrilaterals, uniq_sigmund
D:5:      layout_gridville, roderic_batcave

Skill      XL: |  1  2  3  4  5  6  7 |
---------------+----------------------+-----
Axes           | 2 3 4 5 |  5.0
Armour         | 4 5 |  5.0
Shields        | 4 5 |  5.3
Fighting       | 4 |  4.8
Dodging        | |  0.5

Action                   |  1- 3 |  4- 6 |  7- 9 || total
-------------------------+-------+-------+-------++-------
Melee: War axe           |    84 |   146 |    22 ||   252
  Use: Scroll            |     1 |     4 |     4 ||     9
       Potion            |       |       |     2 ||     2
Armor: Scale mail        |    49 |     8 |       ||    57
       Plate armour      |       |   144 |    25 ||   169
Dodge: Dodged            |    35 |    37 |     5 ||    77
Block: Kite shield       |    47 |   126 |    15 ||   188

Table legend: (Time is in decaauts)
 A = Elapsed time spent in this place.
 B = Non-inter-level travel time spent in this place.
 C = Inter-level travel time spent in this place.
 D = Time resting spent in this place.
 E = Time spent auto-exploring this place.
 F = Levels seen in this place.
 G = Mean time per level.
                   A        B        C        D        E       F      G
               +--------+--------+--------+--------+--------+-----+--------+
         Total |   4338 |   4338 |      0 |    987 |   2541 |   5 |  867.6 |
       Dungeon |   4338 |   4338 |      0 |    987 |   2541 |   5 |  867.6 |
               +--------+--------+--------+--------+--------+-----+--------+

Top non-repeatable levels by time:
     D:2: 1131 daAuts
     D:1: 1044 daAuts
     D:4: 963 daAuts
     D:3: 716 daAuts
     D:5: 483 daAuts
